 Dungeon Crawl Stone Soup version 0.31-a0-626-g8143ab4f1d (webtiles) character file.

Game seed: 12219463476504469164

1715523 rjrrt the Conqueror (level 27, 273/273 HPs)
             Began as a Hill Orc Fighter on Aug 24, 2023.
             Was a High Priest of Okawaru.
             Escaped with the Orb
             ... and 3 runes!
             The game lasted 02:57:22 (66424 turns).

rjrrt the Conqueror (Hill Orc Fighter)             Turns: 66424, Time: 02:57:23

Health: 273/273    AC: 54    Str: 36    XL:     27
Magic:  37/37      EV: 13    Int: 16    God:    Okawaru [*****.]
Gold:   6186       SH: 22    Dex: 11    Spells: 26/26 levels left

rFire   + + +        a - +8 mithril axe "Arga" {speed, Will+}
rCold   + + +        x - +2 shield of Resistance {rF++ rC++ Will++}
rNeg    + + .        V - +9 crystal plate armour
rPois   +            X - +2 hood of the Assassin {Detect Stab+ Stlth++}
rElec   +            c - +2 cloak {Will+}
rCorr   +            m - +1 pair of gloves of the Robin {rF+ rN+ Dex+4}
SInv    +            J - +2 pair of boots "Nakk" {rCorr Int+3 Stlth-}
Will    +++++        j - amulet of reflection Stlth
                     y - ring "Taap" {rN+ AC+4 Str+3}
HPRegen 0.65/turn    R - ring "Hero's Friend" {rElec rPois Int+5 Dex-3 SInv}
MPRegen 0.25/turn

%: reflection
@: studying Unarmed Combat
A: cold resistance 1, inability to read after injury 1
0: Orb of Zot
}: 3/15 runes: decaying, silver, gossamer
a: Renounce Religion, Heroism, Finesse, Duel


You escaped.
You worshipped Okawaru.
Okawaru was extremely pleased with you.
You visited 10 branches of the dungeon, and saw 48 of its levels.
You visited the Abyss 1 time.
You also visited: Trove, Bailey, Gauntlet, Ice Cave and Wizlab.

You collected 8940 gold pieces.
You spent 2754 gold pieces at shops.

Inventory:

Hand Weapons
 a - the +8 mithril axe "Arga" (weapon) {speed, Will+}
   (You found it on level 2 of the Depths)

   Will+:     It increases your willpower.
 b - a +4 vampiric demon trident
 v - a +2 heavy broad axe
Missiles
 g - 63 boomerangs (quivered)
 N - 2 throwing nets
Armour
 c - a +2 cloak of willpower (worn)
 m - the +1 pair of gloves of the Robin (worn) {rF+ rN+ Dex+4}
   (You acquired it on level 7 of the Dungeon)

   Dex+4:     It affects your dexterity (+4).
   rF+:       It protects you from fire.
   rN+:       It protects you from negative energy.
 x - the +2 shield of Resistance (worn) {rF++ rC++ Will++}
   (You found it on level 4 of the Spider Nest)

   rF++:      It greatly protects you from fire.
   rC++:      It greatly protects you from cold.
   Will++:    It greatly increases your willpower.
 J - the +2 pair of boots "Nakk" (worn) {rCorr Int+3 Stlth-}
   (You found it in a Gauntlet)

   Int+3:     It affects your intelligence (+3).
   rCorr:     It protects you from acid and corrosion.
   Stlth-:    It makes you less stealthy.
 V - a +9 crystal plate armour (worn)
 X - the +2 hood of the Assassin (worn) {Detect Stab+ Stlth++}
   (You found it on level 2 of the Depths)

   Detect:    It allows the wearer to sense nearby creatures.
   Stab+:     It allows the wearer to make particularly effective stabbing
   attacks against helpless or unaware enemies with any weapon.
   Stlth++:   It makes you much more stealthy.
Jewellery
 f - a ring of flight
 j - an amulet of reflection (around neck)
 y - the ring "Taap" (left hand) {rN+ AC+4 Str+3}
   (You found it on level 2 of the Spider Nest)

   [ring of protection]

   AC+4:      It affects your AC (+4).
   Str+3:     It affects your strength (+3).
   rN+:       It protects you from negative energy.
 A - an amulet of the acrobat
 R - the ring "Hero's Friend" (right hand) {rElec rPois Int+5 Dex-3 SInv}
   (You took it off an ironbound convoker on level 2 of the Vaults)

   [ring of see invisible]

   Int+5:     It affects your intelligence (+5).
   Dex-3:     It affects your dexterity (-3).
   rElec:     It insulates you from electricity.
   rPois:     It protects you from poison SInv: It lets you see invisible.
Wands
 p - a wand of iceblast (56)
 K - a wand of digging (40)
 P - a wand of acid (48)
 W - a wand of mindburst (26)
Scrolls
 o - 22 scrolls of teleportation
 t - 2 scrolls of silence
 E - 14 scrolls of blinking
 H - 3 scrolls of fear
 M - a scroll of fog
 S - 4 scrolls of poison
 U - 2 scrolls of revelation
Potions
 d - 20 potions of curing
 e - 9 potions of cancellation
 h - 16 potions of haste
 k - 8 potions of berserk rage
 l - 6 potions of heal wounds
 n - 8 potions of attraction
 q - 2 potions of mutation
 r - 5 potions of resistance
 u - 14 potions of ambrosia
 z - 12 potions of enlightenment
 B - 11 potions of might
 D - 7 potions of magic
 I - 8 potions of invisibility
 O - 7 potions of lignification


   Skills:
 O Level 27 Fighting
 - Level 22.0(23.8) Axes
 - Level 13.7(18.0) Maces & Flails
 - Level 22.0 Armour
 * Level 17.3 Dodging
 - Level 22.0 Shields
 - Level 21.0 Invocations
 - Level 10.0 Evocations


You had 26 spell levels left.
You didn't know any spells.
Your spell library contained the following spells:

 Spells                   Type           Power      Damage    Failure   Level
 Apportation              Tloc           0%         N/A       86%         1
 Foxfire                  Conj/Fire      0%         2x1d4     86%         1
 Kiss of Death            Conj/Necr      0%         2d5       86%         1
 Magic Dart               Conj           0%         1d3       86%         1
 Sandblast                Erth           0%         2d4       86%         1
 Cigotuvi's Dreadful Rot  Necr/Pois/Air  0%         N/A       95%         2
 Ensorcelled Hibernation  Hex/Ice        0%         N/A       95%         2
 Passwall                 Tmut/Erth      0%         N/A       95%         2
 Poisonous Vapours        Pois/Air       0%         N/A       95%         2
 Scorch                   Fire           0%         2d5       95%         2
 Searing Ray              Conj           0%         2d4       95%         2
 Sublimation of Blood     Necr           0%         N/A       95%         2
 Confusing Touch          Hex            0%         N/A       99%         3
 Dazzling Flash           Conj/Hex       0%         N/A       99%         3
 Frozen Ramparts          Ice            0%         1d1       99%         3
 Hailstorm                Conj/Ice       0%         3d3       99%         3
 Ignite Poison            Fire/Tmut/Pois 0%         N/A       99%         3
 Inner Flame              Hex/Fire       0%         N/A       99%         3
 Ozocubu's Armour         Ice            0%         N/A       99%         3
 Portal Projectile        Hex/Tloc       0%         N/A       99%         3
 Stone Arrow              Conj/Erth      0%         3d7       99%         3
 Vampiric Draining        Necr           0%         2d6       99%         3
 Vhi's Electric Charge    Tloc/Air       0%         N/A       99%         3
 Volatile Blastmotes      Fire/Tloc      0%         2d10      99%         3
 Anguish                  Hex/Necr       0%         N/A       100%        4
 Dispel Undead            Necr           0%         3d6       100%        4
 Flame Wave               Conj/Fire      0%         2d4       100%        4
 Fulminant Prism          Conj/Hex       0%         3d5       100%        4
 Iskenderun's Mystic Bla  Conj/Tloc      0%         2d3       100%        4
 Leda's Liquefaction      Hex/Erth       0%         N/A       100%        4
 Manifold Assault         Tloc           0%         N/A       100%        4
 Petrify                  Tmut/Erth      0%         N/A       100%        4
 Sticky Flame             Conj/Fire      0%         2d3       100%        4
 Agony                    Necr           0%         N/A       100%        5
 Alistair's Intoxication  Tmut/Pois      0%         N/A       100%        5
 Arcjolt                  Conj/Air       0%         1d10      100%        5
 Borgnjor's Vile Clutch   Necr/Erth      0%         N/A       100%        5
 Fireball                 Conj/Fire      0%         3d3       100%        5
 Freezing Cloud           Conj/Ice/Air   0%         6-21      100%        5
 Irradiate                Conj/Tmut      0%         3d11      100%        5
 Iskenderun's Battlesphe  Conj           0%         2d6       100%        5
 Lee's Rapid Deconstruct  Erth           0%         3d4*      100%        5
 Metabolic Englaciation   Hex/Ice        0%         N/A       100%        5
 Conjure Ball Lightning   Conj/Air       0%         3x3d6     100%        6
 Dispersal                Tloc           0%         N/A       100%        6
 Plasma Beam              Fire/Air       0%         2x1d10    100%        6
 Starburst                Conj/Fire      0%         6d3       100%        6
 Orb of Destruction       Conj           0%         9d5       100%        7
 Ozocubu's Refrigeration  Ice            0%         4d7       100%        7
 Borgnjor's Revivificati  Necr           0%         N/A       100%        8
 Discord                  Hex            0%         N/A       100%        8
 Disjunction              Tloc           0%         N/A       100%        8
 Ignition                 Fire           0%         3d3       100%        8
 Maxwell's Capacitive Co  Air            0%         ∞         100%        8
 Death's Door             Necr           0%         N/A       100%        9
 Polar Vortex             Ice            0%         N/A       100%        9
 Call Canine Familiar     Summ           Unusable   N/A       N/A         3
 Tukima's Dance           Hex            Unusable   N/A       N/A         3
 Animate Armour           Summ/Erth      Unusable   N/A       N/A         4
 Animate Dead             Necr           Unusable   N/A       N/A         4
 Summon Lightning Spire   Summ/Air       Unusable   N/A       N/A         4
 Death Channel            Necr           Unusable   N/A       N/A         6
 Simulacrum               Ice/Necr       Unusable   N/A       N/A         6
 Summon Cactus Giant      Summ           Unusable   N/A       N/A         6
 Haunt                    Necr/Summ      Unusable   N/A       N/A         7

Dungeon Overview and Level Annotations

Branches:
Dungeon (15/15)            Temple (1/1) D:4            Lair (5/5) D:10
  Swamp (4/4) Lair:2       Spider (4/4) Lair:2        Slime (0/5) Lair:5
    Orc (2/2) D:12            Elf (0/3) Orc:2        Vaults (5/5) D:13
  Crypt (3/3) Vaults:3       Tomb (0/3) Crypt:3      Depths (4/4) D:15
    Zot (5/5) Depths:4     Bailey (visited)           IceCv (visited)
 WizLab (visited)         Gauntlet (visited)

Altars:
Ashenzari
Cheibriados
Dithmenos
Elyvilon
Fedhas
Gozag
Hepliaklqana
Kikubaaqudgha
Makhleb
Nemelex Xobeh
Okawaru
Qazlal
Ru
Sif Muna
Trog
Uskayaw
Vehumet
Wu Jian
Xom
Yredelemnul
Zin
The Shining One
Jiyva
Lugonu

Shops:
D:10 ?   D:13 :   D:15 ?   Orc:2 [=**   Vaults:2 =   Vaults:4 ?   Vaults:5 *

Portals:
Hell: Depths:1 Depths:2 Depths:3 Depths:4
Abyss: Zot:1 Depths:1 Depths:3 Depths:4
Pandemonium: Orc:2 Depths:1 Depths:2
Ziggurat: Depths:1

Annotations:
Lair:5 1 runed translucent door


Innate Abilities, Weirdness & Mutations

Your flesh is cold resistant. (rC+)
You occasionally lose the ability to read scrolls when taking damage.


Message History

This square is covered in magical glow.
The rock shatters into small pieces.
There is a stone staircase leading up here.
You climb upwards.
There is a stone staircase leading down here.
An Orb Guardian comes into view.
You block the Orb Guardian's attack.
The Orb Guardian hits you but does no damage.
You hit the Orb Guardian.
The Orb Guardian is lightly wounded.
You slash the Orb Guardian!
The Orb Guardian is lightly wounded.
You block the Orb Guardian's attack.
You slash the Orb Guardian!
The Orb Guardian is moderately wounded.
You block the Orb Guardian's attack.
You slice the Orb Guardian!!
The Orb Guardian is severely wounded.
The Orb Guardian hits you but does no damage.
You hit the Orb Guardian.
The Orb Guardian is severely wounded.
You slice the Orb Guardian!!
You kill the Orb Guardian!
Okawaru accepts your kill. Okawaru grants you a weapon!
Something appears at your feet!
You see here a +4 broad axe of venom.
There is a stone staircase leading up here.
You climb upwards.
There is a stone staircase leading down here.
There is an escape hatch in the ceiling here.
A mysterious force pulls you upwards. The hatch slams shut behind you.
There is a stone staircase leading up here.
You climb upwards.
There is a stone staircase leading down here.
Unknown command.
There is a large open door here.
You enter the shallow water.
Moving in this stuff is going to be slow.
There is a staircase leading out of the dungeon here.
You have escaped!

#........###.# #...........
#........# #.# #...........
#.......##########.........##
#......8.~~~~~~~~##........#
#.....#.~~~.....~~#.##....##
#.....#.~~..~~~..~#.......###
#.....#.~..~~~~~..##.#.......
#.....+.~.~~...~~.#..#..#.###
#####.+.~..~@~..~.'.##..#)#
###.~~...~~.~.'.##..#.###
#..~~~~~..~.####....).#
#~..~~~..~~.# #..(.#..
#~~.....~~~.####....#..
##~~~~~~~~.8.##.....#..
##########.........#..
#########.#.................
#....................#.#....


There were no monsters in sight!

Vanquished Creatures
  2 ancient liches
  Mennas (Depths:4)
  7 orbs of fire
  4 dread liches
  The ghost of strangelove the Metallomancer, a master GrEE of Vehumet (Depths:1)
  2 juggernauts (Depths:3)
  Josephina (Zot:4)
  Vv (Zot:4)
  Margery (Crypt:1)
  Parghit (Zot:3)
  4 curse toes
  9 Killer Klowns
  7 golden dragons
  Nikola (Spider:2)
  A caustic shrike (Depths:2)
  Arachne (Spider:2)
  3 doom hounds (Zot:1)
  A bone dragon (Depths:4)
  A Cloud Mage (WizLab)
  Mlioglotl (Arena)
  Rupert (D:12)
  Jorgrun (D:15)
  4 electric golems
  20 tentacled monstrosities
  An Ice Fiend (Depths:4)
  A shard shrike skeleton (Crypt:2)
  26 Orb Guardians
  4 liches
  Asterion (Vaults:1)
  A walking earthen tome (Depths:3)
  Grunn (Zot:1)
  3 titans (Vaults:5)
  A walking frostbound tome (Depths:3)
  4 quicksilver dragons
  Frances (D:14)
  7 ancient champions
  8 sphinxes
  6 death cobs
  A thorn hunter (Swamp:4)
  10 shadow dragons
  Gastronok (D:10)
  6 tengu reavers
  3 draconian monks
  12 storm dragons
  The ghost of Kevimi the Acrobat, an adept FeNe of Sif Muna (Vaults:2)
  Donald (Spider:4)
  A rockslime (shapeshifter) (Vaults:5)
  3 revenants
  Kirke (D:12)
  6 draconian knights
  A fenstrider witch (Swamp:4)
  3 emperor scorpions (Spider:4)
  6 draconian scorchers
  4 deep elf sorcerers
  5 frost giants
  7 fire giants
  5 iron dragons
  31 vault wardens
  9 draconian shifters
  4 ghost moths (Spider:4)
  Louise (Swamp:3)
  5 draconian stormcallers
  A curse skull (Crypt:3)
  3 orc warlords
  2 broodmothers
  18 stone giants
  18 very ugly things
  A formless jellyfish (Vaults:4)
  A cacodemon (Depths:3)
  4 reapers
  A spriggan defender (Depths:2)
  2 war gargoyles
  4 draconian annihilators
  8 ironbound thunderhulks
  23 ironbound preservers
  A formless jellyfish (shapeshifter) (Vaults:5)
  The ghost of Ylounoac the Severer, a journeyman MiBe of Trog (D:14)
  4 juggernaut skeletons
  A deep elf demonologist (Depths:2)
  Nessos (D:14)
  4 vampire knights
  2 deep elf annihilators
  A minotaur (Gauntlet)
  12 yellow draconians
  Azrael (D:12)
  5 eleionomae
  17 red draconians
  4 dire elephants
  8 green draconians
  4 bunyips
  13 black draconians
  18 purple draconians
  A spark wasp (shapeshifter) (Vaults:1)
  9 white draconians
  13 spark wasps
  6 deep elf death magi
  A green death (Depths:3)
  An eidolon (Crypt:3)
  10 ettins
  2 blizzard demons
  2 crystal guardians
  A shambling mangrove (Swamp:4)
  5 jiangshi
  4 entropy weavers
  A spriggan zombie (Crypt:2)
  5 deep elf high priests
  A sphinx zombie (Depths:1)
  18 yaktaur captains
  20 hydras
  9 ice dragons
  8 great orbs of eyes
  45 vault guards
  A demonspawn (Orc:2)
  A jorogumo (Spider:4)
  5 peacekeepers
  2 catoblepae (Lair:5)
  A hell beast (Depths:3)
  3 radroaches
  A rakshasa (Depths:1)
  4 ogre magi
  A hydra (shapeshifter) (Vaults:5)
  2 death knights
  12 boulder beetles
  8 spriggan air magi
  12 alligators
  8 ironbound frosthearts
  5 ghost crabs
  18 two-headed ogres
  A boulder beetle (shapeshifter) (Vaults:5)
  11 deep troll shamans
  13 centaur warriors
  9 deep troll earth magi
  9 tengu warriors
  A death scarab (Depths:1)
  14 death yaks
  9 vampire magi
  Urug (Orc:1)
  7 orc high priests (Orc:2)
  5 demonic crawlers
  12 hell knights
  4 spriggan berserkers
  5 soul eaters
  A deep elf knight (Vaults:3)
  A sun demon (Depths:3)
  A shock serpent (WizLab)
  11 iron trolls
  4 sixfirhies
  A skyshark (shapeshifter) (Vaults:1)
  27 skeletal warriors
  4 goliath frogs
  A bunyip zombie (Crypt:2)
  A sun moth (Spider:2)
  A pharaoh ant (Spider:4)
  5 death drakes
  8 orb spiders
  A sea snake (shapeshifter) (Depths:3)
  2 spriggan druids
  9 flayed ghosts
  An orange crystal statue (Gauntlet)
  61 deep trolls
  A ghost moth zombie (Crypt:3)
  5 bog bodies
  2 tengu zombies (D:15)
  2 obsidian statues
  5 glowing orange brains
  An iron giant skeleton (Crypt:3)
  8 swamp dragons (Swamp:4)
  13 wizards
  2 steelbarb worms
  23 ironbound convokers
  19 necromancers
  An iron dragon zombie (Crypt:2)
  13 lindwurms
  5 orc sorcerers
  7 orc knights
  10 phantasmal warriors
  A frost giant zombie (D:15)
  A jorogumo zombie (Crypt:1)
  6 deep elf pyromancers
  A wolf spider (shapeshifter) (Depths:2)
  A goliath frog zombie (Crypt:1)
  20 wolf spiders
  A mana viper (shapeshifter) (Vaults:5)
  2 oklob plants (Lair:1)
  2 will-o-the-wisps
  2 manticores (D:12)
  A shining eye (shapeshifter) (Vaults:5)
  7 cyclopes
  58 ugly things
  26 elephants
  A stone giant skeleton (Depths:1)
  2 frost giant skeletons (Depths:1)
  An elephant (shapeshifter) (Depths:2)
  16 moths of wrath
  6 black mambas
  A guardian serpent (Vaults:1)
  2 rust devils
  Maurice (D:9)
  An ice statue (IceCv)
  3 apocalypse crabs (WizLab)
  4 torpor snails
  A centaur zombie (Crypt:2)
  A dire elephant skeleton (Crypt:2)
  17 vault sentinels
  2 smoke demons
  2 storm dragon simulacra
  An unseen horror (D:12)
  4 gargoyles
  2 orange demons (Depths:3)
  2 centaur skeletons
  4 cane toads
  A hellion (Depths:3)
  An efreet (D:15)
  8 freezing wraiths
  8 komodo dragons
  39 yaktaurs
  A rime drake (Lair:5)
  2 kobold demonologists (D:10)
  4 tengu conjurers
  2 anaconda simulacra (IceCv)
  A minotaur zombie (Gauntlet)
  A spark wasp simulacrum (Depths:1)
  A harpy zombie (Crypt:2)
  2 red devils
  15 ice devils
  12 meliai
  6 trolls
  4 polar bears
  5 wind drakes (WizLab)
  A hellwing (Depths:3)
  A minotaur skeleton (Crypt:3)
  A queen bee (Spider:3)
  7 tyrant leeches
  18 hornets
  16 tarantellas
  2 harpy skeletons
  A dream sheep (shapeshifter) (Depths:3)
  2 ettin zombies
  2 draconian simulacra (Zot:4)
  A snapping turtle (shapeshifter) (Vaults:1)
  16 culicivoras
  A fire giant simulacrum (Depths:1)
  21 slime creatures
  14 flying skulls
  Sigmund (D:2)
  A shadow (D:11)
  A spriggan (shapeshifter) (WizLab)
  2 vampires
  A dire elephant simulacrum (IceCv)
  10 air elementals (WizLab)
  25 jumping spiders
  4 wyverns
  7 spriggans
  3 water elementals
  5 ynoxinuls
  An ice dragon skeleton (Crypt:2)
  7 wraiths
  A hog (D:12)
  19 humans
  A basilisk (shapeshifter) (Depths:2)
  56 yaks
  3 fire elementals
  5 basilisks
  2 neqoxecs (Depths:3)
  3 fire bats (D:10)
  40 redbacks
  8 vampire mosquitoes
  4 death yak simulacra
  A chaos spawn (D:7)
  4 wargs
  Menkaure (D:7)
  A steam dragon (D:9)
  A naga (shapeshifter) (D:13)
  A swamp worm (shapeshifter) (Vaults:4)
  3 harpy simulacra
  An acid dragon (D:10)
  A glowing shapeshifter zombie (D:15)
  A hydra simulacrum (IceCv)
  3 hell hounds (D:12)
  14 swamp worms
  13 water moccasins
  2 floating eyes
  An ice beast (D:5)
  A two-headed ogre skeleton (Crypt:2)
  46 orc warriors
  5 swamp drakes (Swamp:4)
  2 sky beasts
  A hornet zombie (Crypt:1)
  6 black bears
  11 ogres
  33 wolves
  5 boggarts (Vaults:3)
  A blink frog skeleton (Crypt:3)
  A dream sheep skeleton (Crypt:1)
  9 centaurs
  An elephant skeleton (Crypt:2)
  A phantom (D:5)
  A rime drake zombie (Crypt:3)
  3 kobold brigands
  Blork the orc (D:6)
  6 bullfrogs
  A necrophage (D:11)
  A scorpion (shapeshifter) (D:15)
  2 gnoll sergeants
  3 scorpions (D:6)
  A wyvern zombie (Crypt:2)
  3 two-headed ogre simulacra
  4 cane toad simulacra
  4 wights (D:7)
  A polar bear zombie (Crypt:2)
  A water moccasin skeleton (Crypt:2)
  A yak zombie (Crypt:3)
  5 elephant simulacra (IceCv)
  28 killer bees
  8 electric eels
  9 vampire bats (Bailey)
  A howler monkey (D:8)
  6 wolf zombies (Bailey)
  3 jellies
  A wolf skeleton (Crypt:2)
  24 orc priests
  3 gnoll boudas
  2 hounds
  A sleepcap (D:6)
  Terence (D:2)
  8 hell rats (Lair:5)
  21 orc wizards
  6 iguanas
  4 polar bear simulacra (IceCv)
  5 wolf simulacra (IceCv)
  A scorpion zombie (Crypt:1)
  4 spriggan simulacra
  A deep dwarf zombie (Crypt:1)
  A hound skeleton (Crypt:1)
  13 gnolls
  10 adders
  3 naga simulacra
  3 river rats (Lair:5)
  A steam dragon skeleton (Crypt:3)
  3 shadow imps
  2 white imps
  4 ufetubi
  2 worms (D:3)
  4 dart slugs
  82 orcs
  9 ball pythons
  6 endoplasms
  3 giant cockroaches
  22 goblins
  11 hobgoblins
  5 jackals (D:1)
  28 kobolds
  3 quokkas
  2 bats
  7 frilled lizards
  17 orc zombies (Bailey)
  A quokka zombie (Crypt:1)
  7 rats
  A river rat skeleton (Crypt:3)
2281 creatures vanquished.

Vanquished Creatures (others)
  A fire giant (Vaults:1)
  A yellow draconian (Zot:5)
  A red draconian (Zot:3)
  An ogre mage (Vaults:5)
  A swamp dragon (Swamp:3)
  A steelbarb worm (Spider:2)
  A moth of wrath (Zot:4)
  6 bloated husks
  A draconian simulacrum (Zot:4)
  An air elemental (WizLab)
  A vampire mosquito (D:13)
  A moth of wrath simulacrum (Zot:4)
  2 killer bees (Spider:4)
  An orc wizard (D:12)
  A goblin (D:9)
  8 foxfires
  A lurking horror (Zot:1)
  6 spectral weapons
36 creatures vanquished.

Grand Total: 2317 creatures vanquished

Notes
Turn   | Place    | Note
-------+----------+-------------------------------------------
     0 | D:1      | rjrrt the Hill Orc Fighter began the quest for the Orb.
     0 | D:1      | Reached XP level 1. HP: 19/19 MP: 1/1
   110 | D:1      | Reached XP level 2. HP: 27/27 MP: 2/2
   223 | D:1      | Reached skill level 4 in Fighting
   223 | D:1      | Reached XP level 3. HP: 22/33 MP: 3/3
   392 | D:1      | Found a faded altar of an unknown god.
   484 | D:2      | Found a stormy altar of Qazlal.
   720 | D:2      | Noticed Sigmund
   725 | D:2      | Noticed Terence
   732 | D:2      | Killed Sigmund
   733 | D:2      | Reached skill level 5 in Axes
   733 | D:2      | Reached XP level 4. HP: 39/41 MP: 4/4
   733 | D:2      | Reached XP level 5. HP: 45/47 MP: 5/5
   734 | D:2      | Killed Terence
   735 | D:2      | Reached skill level 5 in Fighting
   735 | D:2      | Reached XP level 6. HP: 49/56 MP: 6/6
  2441 | D:4      | Found a staircase to the Ecumenical Temple.
  2463 | Temple   | Entered the Ecumenical Temple
  2620 | Temple   | Became a worshipper of Warmaster Okawaru
  3279 | D:5      | Entered Level 5 of the Dungeon
  3288 | D:5      | Noticed a black bear
  3298 | D:5      | Reached skill level 5 in Armour
  3298 | D:5      | Reached skill level 1 in Invocations
  3298 | D:5      | Reached XP level 7. HP: 58/61 MP: 7/7
  3665 | D:5      | Reached * piety under Okawaru
  3751 | D:5      | Reached skill level 6 in Fighting
  4233 | D:6      | Reached XP level 8. HP: 53/70 MP: 10/10
  4327 | D:6      | Identified the +6 dagger "Jiadgh" {freeze, rElec rCorr
                  | Int+2}
  4453 | D:6      | Noticed a yak
  4459 | D:6      | Killed a yak
  4459 | D:6      | Reached ** piety under Okawaru
  4742 | D:6      | Noticed Blork the orc
  4749 | D:6      | Killed Blork the orc
  4758 | D:6      | Reached skill level 7 in Fighting
  4959 | D:6      | Reached skill level 5 in Invocations
  4959 | D:6      | Reached XP level 9. HP: 76/79 MP: 12/12
  4982 | D:6      | Reached skill level 10 in Axes
  5244 | D:7      | Reached *** piety under Okawaru
  5282 | D:7      | Noticed Menkaure
  5287 | D:7      | Killed Menkaure
  5478 | D:7      | Identified a scroll of acquirement
  5478 | D:7      | Acquired the +1 pair of gloves of the Robin {rF+ rN+ Dex+4}
  5584 | D:7      | Reached skill level 8 in Fighting
  6326 | D:8      | Found a burning altar of Makhleb.
  6411 | D:8      | Noticed a hornet
  6416 | D:8      | Killed a hornet
  6416 | D:8      | Reached **** piety under Okawaru
  6417 | D:8      | Reached XP level 10. HP: 90/90 MP: 15/15
  6963 | D:9      | Noticed Maurice
  6974 | D:9      | Killed Maurice
  7004 | D:9      | Reached skill level 9 in Fighting
  7231 | D:9      | Found a shimmering blue altar of Sif Muna.
  7244 | D:9      | Got Sif Muna's Catalogue of the Volcano
  7315 | D:9      | Reached ***** piety under Okawaru
  7330 | D:9      | Reached XP level 11. HP: 57/99 MP: 15/17
  7379 | D:9      | Found a flagged portal.
  7389 | Bailey   | Entered a bailey
  7651 | Bailey   | Reached skill level 10 in Fighting
  7720 | Bailey   | Found the +3 Elemental Staff {ele, rElec rF+ rC+ AC+3}
  7729 | Bailey   | Identified the +0 plate armour of Weirdness {rF+ Dex+2}
  8412 | D:10     | Entered Level 10 of the Dungeon
  8412 | D:10     | Noticed Gastronok
  8415 | D:10     | Received a gift from Okawaru
  8415 | D:10     | Found the +4 skin of Zhor {*Englaciate rC+++ SInv}
  8426 | D:10     | Killed Gastronok
  8450 | D:10     | Found a staircase to the Lair.
  8465 | D:10     | Reached skill level 15 in Axes
  8577 | D:10     | Noticed a deep elf pyromancer
  8589 | D:10     | Killed a deep elf pyromancer
  8590 | D:10     | Reached skill level 10 in Invocations
  8611 | D:10     | Got the +8 demon whip "Kaylopha" {flame, *Noise rPois rCorr
                  | SInv}
  8925 | D:10     | Found Bajioquin's Magic Scroll Shoppe.
  8934 | D:10     | Bought a scroll of revelation for 112 gold pieces
  8934 | D:10     | Bought a scroll of enchant weapon for 112 gold pieces
  8934 | D:10     | Bought 3 scrolls of identify for 90 gold pieces
  8934 | D:10     | Bought a scroll of teleportation for 45 gold pieces
  9089 | D:10     | Found a hide-covered altar of Uskayaw.
  9130 | D:10     | Reached skill level 10 in Armour
  9221 | D:10     | Found a white marble altar of Elyvilon.
  9434 | Lair:1   | Entered Level 1 of the Lair of Beasts
  9475 | Lair:1   | Noticed a death yak
  9475 | Lair:1   | Noticed a death yak
  9475 | Lair:1   | Noticed a death yak
  9482 | Lair:1   | Killed a death yak
  9483 | Lair:1   | Reached skill level 11 in Fighting
  9483 | Lair:1   | Reached XP level 12. HP: 97/110 MP: 16/19
  9483 | Lair:1   | Noticed a death yak
  9486 | Lair:1   | Killed a death yak
  9487 | Lair:1   | Noticed a death yak
  9493 | Lair:1   | Killed a death yak
  9494 | Lair:1   | Killed a death yak
  9494 | Lair:1   | Identified the +5 scale mail of Ycyrolor {Will++} (Okawaru
                  | gifted it to you on level 1 of the Lair of Beasts)
  9494 | Lair:1   | Received a gift from Okawaru
  9498 | Lair:1   | Killed a death yak
  9511 | Lair:1   | Found a gate leading to a gauntlet.
  9551 | Gauntlet | Entered a Gauntlet
  9551 | Gauntlet | Found a transporter.
  9551 | Gauntlet | Found a transporter.
  9701 | Gauntlet | Found a transporter.
  9717 | Gauntlet | Found a transporter.
  9719 | Gauntlet | Noticed a soul eater
  9731 | Gauntlet | Found a transporter.
  9743 | Gauntlet | Found a transporter.
  9761 | Gauntlet | Found a transporter.
  9777 | Gauntlet | Found a transporter.
  9783 | Gauntlet | Found a transporter.
  9810 | Gauntlet | Found a transporter.
  9829 | Gauntlet | Found a transporter.
  9851 | Gauntlet | Found a transporter.
 10072 | Gauntlet | Identified the +1 cloak of Free Expression {rF- Str+7 Int-2
                  | SInv}
 10123 | Gauntlet | Noticed a catoblepas
 10144 | Gauntlet | Identified the +2 pair of boots "Nakk" {rCorr Int+3 Stlth-}
 10185 | Gauntlet | Identified the ring "Hiuppuhou" {rC+ rCorr EV+5}
 10185 | Gauntlet | Noticed a minotaur
 10197 | Gauntlet | Killed a minotaur
 10205 | Gauntlet | Identified the +0 leather armour of Beyond {rPois rN+++
                  | Str-4 Slay-4}
 10205 | Gauntlet | Identified the staff of Desertification {rPois rF+ rC+
                  | rCorr Fire}
 10440 | Lair:1   | Found a transporter.
 10582 | Lair:1   | Identified the +1 plate armour of the Bells {Int+2}
 10599 | Lair:1   | Found a transporter.
 11428 | Lair:1   | Identified the +0 pair of gloves of Twilight {rC+ Int+3
                  | Dex+3}
 11432 | Lair:1   | Identified the ring of Qasmuzoh {Wiz rN+ Will+ Int+2}
 11486 | Lair:2   | Reached skill level 12 in Fighting
 11542 | Lair:2   | Reached XP level 13. HP: 98/118 MP: 21/21
 11720 | Lair:2   | Received a gift from Okawaru
 12134 | Lair:2   | Noticed an eleionoma
 12254 | Lair:2   | Found a staircase to the Swamp.
 12318 | Lair:2   | Found a hole to the Spider Nest.
 12494 | Lair:2   | You fall into a shaft and drop 1 floor!
 12813 | Lair:2   | Killed an eleionoma
 13420 | Lair:3   | Reached ****** piety under Okawaru
 13518 | Lair:3   | Identified the +1 kite shield of Watchfulness {rCorr Int-5
                  | Dex+3 SInv} (Okawaru gifted it to you on level 3 of the
                  | Lair of Beasts)
 13518 | Lair:3   | Received a gift from Okawaru
 13945 | Lair:4   | Reached skill level 1 in Evocations
 13979 | Lair:4   | Reached skill level 13 in Fighting
 14399 | Lair:5   | Entered Level 5 of the Lair of Beasts
 14659 | Lair:5   | Reached XP level 14. HP: 95/129 MP: 23/23
 14736 | Lair:5   | Identified the +0 kite shield of a ziggurat {Harm Dex+6}
                  | (Okawaru gifted it to you on level 5 of the Lair of Beasts)
 14736 | Lair:5   | Received a gift from Okawaru
 15124 | Lair:5   | Reached skill level 5 in Shields
 15150 | Lair:5   | Found a viscous altar of Jiyva.
 15151 | Lair:5   | Found a runed translucent door.
 15152 | Lair:5   | Found a staircase to the Slime Pits.
 15780 | Lair:5   | Noticed a dire elephant
 15794 | Lair:5   | Killed a dire elephant
 16124 | D:11     | Found a sparkling altar of Nemelex Xobeh.
 16545 | D:11     | Identified the +0 buckler of Repulsion {rC- rN+ Will+
                  | Int+5} (Okawaru gifted it to you on level 11 of the
                  | Dungeon)
 16545 | D:11     | Received a gift from Okawaru
 16747 | D:11     | Reached skill level 14 in Fighting
 17130 | D:12     | Noticed Azrael
 17182 | D:12     | Killed Azrael
 17190 | D:12     | Noticed Kirke
 17549 | D:12     | Reached XP level 15. HP: 123/138 MP: 25/25
 17557 | D:12     | Found a staircase to the Orcish Mines.
 17785 | D:12     | Acquired 1119 gold pieces
 17880 | D:12     | Noticed Rupert
 17901 | D:12     | Killed Rupert
 17937 | D:12     | Killed Kirke
 17966 | D:12     | Found a portal to a secret trove of treasure.
 18138 | D:13     | Found Ecsaothoyhi's Book Boutique.
 18899 | D:13     | Received a gift from Okawaru
 18946 | D:13     | Reached skill level 15 in Invocations
 19061 | D:13     | Found a gate to the Vaults.
 19089 | D:13     | Reached XP level 16. HP: 123/147 MP: 27/27
 19418 | D:14     | Noticed Frances
 19441 | D:14     | Killed Frances
 19442 | D:14     | Reached skill level 15 in Fighting
 19793 | D:14     | Received a gift from Okawaru
 19821 | D:14     | Found a large runed translucent door.
 19821 | D:14     | Found a large runed translucent door.
 19821 | D:14     | Noticed Ylounoac's ghost (journeyman MiBe)
 20028 | D:14     | Found a bloodstained altar of Trog.
 20121 | D:14     | Noticed Nessos
 20139 | D:14     | Killed Nessos
 20629 | D:14     | Killed Ylounoac's ghost
 20738 | D:15     | Entered Level 15 of the Dungeon
 20835 | D:15     | Noticed Jorgrun
 20882 | D:15     | Reached XP level 17. HP: 91/156 MP: 28/28
 20914 | D:15     | HP: 4/156 [Jorgrun/entropic shot (43)]
 20925 | D:15     | Killed Jorgrun
 21164 | D:15     | Reached skill level 10 in Shields
 21174 | D:15     | Reached skill level 15 in Armour
 21552 | D:15     | Found a staircase to the Depths.
 21563 | D:15     | Reached skill level 16 in Fighting
 22025 | D:15     | Found Pubess's Magic Scroll Shoppe.
 22081 | D:15     | Bought a scroll of teleportation for 30 gold pieces
 22081 | D:15     | Bought a scroll of blinking for 75 gold pieces
 22081 | D:15     | Bought a scroll of fog for 40 gold pieces
 22464 | Orc:1    | Entered Level 1 of the Orcish Mines
 22515 | Orc:1    | Noticed Urug
 22523 | Orc:1    | Killed Urug
 22539 | Orc:1    | Found a frozen archway.
 22679 | IceCv    | Entered an ice cave
 22796 | IceCv    | Received a gift from Okawaru
 22969 | IceCv    | Found an ancient bone altar of Kikubaaqudgha.
 23153 | IceCv    | Got Qimivatz's Guidebook on the Undead Blizzard
 23844 | Orc:2    | Entered Level 2 of the Orcish Mines
 24075 | Orc:2    | Found a staircase to the Elven Halls.
 24390 | Orc:2    | Reached skill level 1 in Maces & Flails
 24435 | Orc:2    | Found Ruducic's General Store.
 24439 | Orc:2    | Found Zilev's General Store.
 24680 | Orc:2    | Bought a scroll of acquirement for 780 gold pieces
 24681 | Orc:2    | Acquired 933 gold pieces
 25097 | Orc:2    | Received a gift from Okawaru
 25118 | Orc:2    | Found Xabraot's Antique Armour Boutique.
 25118 | Orc:2    | Found a one-way gate leading to the halls of Pandemonium.
 25118 | Orc:2    | Found Xiugeah's Jewellery Shop.
 25124 | Orc:2    | Bought a shiny helmet for 255 gold pieces
 25124 | Orc:2    | Bought a shiny helmet for 255 gold pieces
 25141 | Orc:2    | Bought an amulet of reflection for 330 gold pieces
 25529 | Swamp:1  | Entered Level 1 of the Swamp
 25559 | Swamp:1  | Reached skill level 17 in Fighting
 25567 | Swamp:1  | Reached XP level 18. HP: 159/169 MP: 29/29
 25587 | Swamp:1  | Reached skill level 5 in Evocations
 26564 | Swamp:2  | Identified the +9 hand axe "Reumob" {venom, SInv} (Okawaru
                  | gifted it to you on level 2 of the Swamp)
 26564 | Swamp:2  | Received a gift from Okawaru
 27132 | Swamp:3  | Noticed Louise
 27157 | Swamp:3  | Killed Louise
 27746 | Swamp:4  | Entered Level 4 of the Swamp
 27911 | Swamp:4  | Reached skill level 5 in Maces & Flails
 27990 | Swamp:4  | Paralysed by a fenstrider witch for 2 turns
 28002 | Swamp:4  | Paralysed by a fenstrider witch for 4 turns
 28517 | Swamp:4  | Got a decaying rune of Zot
 28890 | Spider:1 | Entered Level 1 of the Spider Nest
 29285 | Spider:1 | Received a gift from Okawaru
 29855 | Spider:1 | Reached XP level 19. HP: 179/179 MP: 31/31
 30270 | Spider:2 | Identified the ring "Taap" {rN+ AC+4 Str+3}
 30402 | Spider:2 | Reached skill level 18 in Fighting
 30595 | Spider:2 | Noticed Nikola
 30616 | Spider:2 | Killed Nikola
 31874 | Spider:2 | Noticed Arachne
 31895 | Spider:2 | Killed Arachne
 32007 | Spider:3 | Identified the +4 kite shield of Kaiheifi {MP+9} (Okawaru
                  | gifted it to you on level 3 of the Spider Nest)
 32007 | Spider:3 | Received a gift from Okawaru
 32817 | Spider:4 | Entered Level 4 of the Spider Nest
 32824 | Spider:4 | Noticed Donald
 33050 | Spider:4 | Noticed Mlioglotl
 33060 | Arena    | Entered the Arena
 33073 | Arena    | Killed Mlioglotl
 33148 | Spider:4 | Killed Donald
 34144 | Spider:4 | Found the +2 shield of Resistance {rF++ rC++ Will++}
 34505 | Spider:4 | Got a gossamer rune of Zot
 34847 | Vaults:1 | Entered Level 1 of the Vaults
 35241 | Vaults:1 | Reached XP level 20. HP: 134/189 MP: 32/32
 35263 | Vaults:1 | Noticed Asterion
 35442 | Vaults:1 | Killed Asterion
 35982 | Vaults:1 | Received a gift from Okawaru
 35990 | Vaults:1 | Reached skill level 19 in Fighting
 37885 | Vaults:2 | Reached skill level 15 in Shields
 38271 | Vaults:2 | Identified the +5 hand axe of Icwo {flame, rPois rC++
                  | Str-5}
 38379 | Vaults:2 | Received a gift from Okawaru
 38542 | Vaults:2 | Found a runed translucent gate.
 38543 | Vaults:2 | Found a runed translucent gate.
 38543 | Vaults:2 | Found a runed translucent gate.
 38543 | Vaults:2 | Noticed Kevimi's ghost (adept FeNe)
 38548 | Vaults:2 | Found Haxa's Jewellery Boutique.
 38784 | Vaults:2 | Reached skill level 10 in Maces & Flails
 38895 | Vaults:2 | Reached XP level 21. HP: 200/200 MP: 34/34
 38949 | Vaults:2 | Identified the ring "Hero's Friend" {rElec rPois Int+5
                  | Dex-3 SInv}
 39004 | Vaults:2 | Killed Kevimi's ghost
 39595 | Vaults:3 | Reached skill level 20 in Fighting
 40730 | Vaults:3 | Identified the +0 hand axe of Amorality {venom, rC+++}
                  | (Okawaru gifted it to you on level 3 of the Vaults)
 40730 | Vaults:3 | Received a gift from Okawaru
 40781 | Vaults:3 | Found a staircase to the Crypt.
 40824 | Crypt:1  | Entered Level 1 of the Crypt
 40857 | Crypt:1  | Noticed Margery
 40966 | Crypt:1  | Killed Margery
 42012 | Crypt:2  | Reached XP level 22. HP: 209/211 MP: 36/36
 42106 | Crypt:2  | Found a magical portal.
 42112 | WizLab   | Entered The Chambers of the Cloud Mage
 42117 | WizLab   | Paralysed by an air elemental for 1 turns
 42128 | Abyss:1  | Cast into level 1 of the Abyss (apocalypse crab)
 42167 | WizLab   | Escaped the Abyss
 42179 | WizLab   | Received a gift from Okawaru
 42188 | WizLab   | Paralysed by an air elemental for 1 turns
 42941 | WizLab   | Paralysed by an air elemental for 1 turns
 42964 | WizLab   | Paralysed by an air elemental for 1 turns
 43432 | WizLab   | Got the Compilation of the Welkin
 43737 | Crypt:2  | Reached skill level 21 in Fighting
 44684 | Crypt:3  | Entered Level 3 of the Crypt
 45024 | Crypt:3  | Noticed a curse toe
 45038 | Crypt:3  | Killed a curse toe
 45078 | Crypt:3  | Found a staircase to the Tomb.
 45787 | Crypt:3  | Noticed a curse toe
 45979 | Crypt:3  | Killed a curse toe
 46119 | Crypt:3  | Noticed an ancient lich
 46156 | Crypt:3  | Killed an ancient lich
 46175 | Crypt:3  | Noticed a dread lich
 46175 | Crypt:3  | Noticed a dread lich
 46190 | Crypt:3  | Killed a dread lich
 46200 | Crypt:3  | Killed a dread lich
 46210 | Crypt:3  | Identified the +5 battleaxe "Ruviokex" {drain, Int+4}
 46214 | Crypt:3  | Identified the +1 helmet of the Present {Str+3}
 46218 | Crypt:3  | Identified the +1 giant spiked club of the Glimmering Gods
                  | {flame, rN+ Will- rCorr}
 46219 | Crypt:3  | Identified the +3 robe "Maehosm" {+Inv rC+ Str-3 Dex+3}
 46220 | Crypt:3  | Identified the +6 spear of the Enchanted Forest {flame,
                  | Stlth+}
 46643 | Vaults:3 | Received a gift from Okawaru
 47398 | Vaults:4 | Reached XP level 23. HP: 201/222 MP: 37/37
 47413 | Vaults:4 | Identified the +5 flail of Pain and Death {heavy, rF- rCorr
                  | Str+8 Dex+2} (Okawaru gifted it to you on level 4 of the
                  | Vaults)
 47413 | Vaults:4 | Received a gift from Okawaru
 47454 | Vaults:4 | Reached skill level 22 in Fighting
 48951 | Vaults:4 | Found Suujuef's Magic Scroll Boutique.
 48959 | Vaults:4 | Bought a scroll of enchant armour for 135 gold pieces
 48959 | Vaults:4 | Bought a scroll of enchant armour for 135 gold pieces
 48959 | Vaults:4 | Bought a scroll of brand weapon for 171 gold pieces
 48959 | Vaults:4 | Bought a scroll of blinking for 135 gold pieces
 48959 | Vaults:4 | Bought a scroll of teleportation for 54 gold pieces
 49064 | Vaults:5 | Entered Level 5 of the Vaults
 49065 | Vaults:5 | Noticed an ancient lich
 49081 | Vaults:5 | Received a gift from Okawaru
 49314 | Vaults:5 | Noticed a golden dragon
 49321 | Vaults:5 | Killed a golden dragon
 49577 | Vaults:5 | Got a silver rune of Zot
 49842 | Vaults:5 | Reached skill level 23 in Fighting
 49846 | Vaults:5 | Identified the ring of the Ladybird {Drain rN+++ Will+++
                  | MP-9 SInv}
 49871 | Vaults:5 | Identified the +3 chain mail of Articulation {Stlth+}
 49873 | Vaults:5 | Identified the +6 war axe "Emucupu" {protect, rF+ rCorr}
                  | (Okawaru gifted it to you on level 5 of the Vaults)
 49873 | Vaults:5 | Received a gift from Okawaru
 49904 | Vaults:5 | Reached XP level 24. HP: 109/235 MP: 32/37
 49916 | Vaults:5 | Killed an ancient lich
 50286 | Vaults:5 | Identified the +1 short sword of Karma {heavy, Dex+2}
 50407 | Vaults:5 | Identified the +1 pair of gloves "Earthly Heaven" {Dex+4}
 50503 | Vaults:5 | Identified the +1 fire dragon scales of the Boiling Point
                  | {rF++ rC- Will+ Int+3 Slay+3} (Okawaru gifted it to you on
                  | level 5 of the Vaults)
 50503 | Vaults:5 | Received a gift from Okawaru
 51041 | Vaults:5 | Identified the +3 rapier of the Dowdy God {heavy, rN+
                  | Str+4}
 51042 | Vaults:5 | Identified the staff "Taruy" {rPois Int+4 Poison}
 51182 | Vaults:5 | Identified the +1 dagger of Viserof {venom, Contam Str+4
                  | Int+7 Dex-2}
 51283 | Vaults:5 | Found Xaemayla's General Store.
 51552 | Depths:1 | Entered Level 1 of the Depths
 51629 | Depths:1 | Found a one-way gate to the infinite horrors of the Abyss.
 51688 | Depths:1 | Reached skill level 24 in Fighting
 52252 | Depths:1 | Found a one-way gateway to a ziggurat.
 52590 | Depths:1 | Found a large runed translucent door.
 52591 | Depths:1 | Found a large runed translucent door.
 52592 | Depths:1 | Noticed strangelove's ghost (master GrEE)
 52904 | Depths:1 | Found a gateway to Hell.
 53415 | Depths:1 | Killed strangelove's ghost
 53538 | Depths:2 | Noticed a caustic shrike
 53551 | Depths:2 | Reached skill level 25 in Fighting
 53551 | Depths:2 | Killed a caustic shrike
 53878 | Depths:2 | Reached XP level 25. HP: 232/249 MP: 37/37
 54058 | Depths:2 | Received a gift from Okawaru
 55143 | Depths:2 | Found the +8 mithril axe "Arga" {speed, Will+}
 55143 | Depths:2 | Found the +2 hood of the Assassin {Detect Stab+ Stlth++}
 55184 | Depths:2 | Identified the +9 plate armour of Puilar {*Corrode rElec
                  | rN+}
 55571 | Depths:3 | Reached skill level 26 in Fighting
 55776 | Depths:3 | Received a gift from Okawaru
 56370 | Depths:3 | You fall into a shaft and drop 1 floor!
 56370 | Depths:4 | Entered Level 4 of the Depths
 56379 | Depths:4 | Noticed Mennas
 56422 | Depths:4 | Killed Mennas
 56702 | Depths:4 | Reached skill level 27 in Fighting
 56734 | Depths:4 | Reached skill level 1 in Dodging
 57499 | Depths:3 | Noticed a juggernaut
 57514 | Depths:3 | Killed a juggernaut
 57570 | Depths:3 | Noticed a juggernaut
 57588 | Depths:3 | Killed a juggernaut
 57641 | Depths:3 | Received a gift from Okawaru
 57684 | Depths:3 | Identified the ring of Light {rCorr SInv Stlth+}
 57763 | Depths:3 | Identified the +10 flail "Undertaker" {holy, Dex+2}
 58065 | Depths:3 | Reached XP level 26. HP: 266/266 MP: 37/37
 58218 | Depths:4 | Reached skill level 5 in Dodging
 58531 | Depths:4 | Found a gate to the Realm of Zot.
 58552 | Zot:1    | Entered Level 1 of the Realm of Zot
 59066 | D:12     | You paid a toll of 6 scrolls of fog to enter a treasure
                  | trove
 59067 | Trove    | Entered a treasure trove
 59086 | Trove    | Identified the ring "Rakhifit" {Wiz MP-9 Int+3}
 59090 | Trove    | Identified the amulet "Tick" {Reflect *Corrode rElec Dex+2
                  | SH+5 Stlth+}
 59109 | Trove    | Identified the ring of Anumufibbu {Will+ Str+4}
 59115 | Trove    | Identified the ring of Roleutz {rElec rN+ Str-2 Dex+5}
 59506 | Zot:1    | Found a corrupted altar of Lugonu.
 59706 | Zot:1    | Noticed a Killer Klown
 59709 | Zot:1    | Found a transporter.
 59713 | Zot:1    | Found a transporter.
 59775 | Zot:1    | Received a gift from Okawaru
 59794 | Zot:1    | Killed a Killer Klown
 59826 | Zot:1    | Identified the ring "Ufit" {rCorr Str+6}
 60078 | Zot:1    | Noticed Grunn
 60100 | Zot:1    | Reached skill level 10 in Evocations
 60114 | Zot:1    | Killed Grunn
 60989 | Zot:2    | Noticed an orb of fire
 60992 | Zot:2    | Gained mutation: You are weak. (Str -2) [an orb of fire]
 61008 | Zot:2    | Killed an orb of fire
 61760 | Zot:2    | Reached skill level 10 in Dodging
 61993 | Zot:2    | Received a gift from Okawaru
 62093 | Zot:2    | Noticed an orb of fire
 62095 | Zot:2    | Gained mutation: Your mind is acute. (Int +4, Str/Dex -1)
                  | [an orb of fire]
 62110 | Zot:2    | Gained mutation: You are frail. (-10% HP) [an orb of fire]
 62112 | Zot:2    | Killed an orb of fire
 62197 | Zot:2    | Lost mutation: Your mind is acute. (Int +4, Str/Dex -1)
                  | [potion of mutation]
 62197 | Zot:2    | Lost mutation: You are frail. (-10% HP) [potion of
                  | mutation]
 62197 | Zot:2    | Lost mutation: You are weak. (Str -2) [potion of mutation]
 62197 | Zot:2    | Gained mutation: Your skin changes colour to match your
                  | surroundings (Stealth+). [potion of mutation]
 62197 | Zot:2    | Gained mutation: Your natural rate of healing is unusually
                  | fast. [potion of mutation]
 62197 | Zot:2    | Gained mutation: You are strong-willed. (Will+) [potion of
                  | mutation]
 63001 | Zot:3    | Reached XP level 27. HP: 237/273 MP: 37/37
 63366 | Zot:4    | Noticed Parghit
 63370 | Zot:4    | Identified the ring "Metulleq" {Ice Fly rCorr SInv}
 63370 | Zot:4    | Noticed Josephina
 63410 | Zot:3    | Killed Parghit
 63685 | Zot:4    | Killed Josephina
 63786 | Zot:4    | Noticed Vv
 63864 | Zot:4    | Killed Vv
 64199 | Zot:4    | Noticed an orb of fire
 64201 | Zot:4    | Gained mutation: Your magical capacity is low. (-10% MP)
                  | [an orb of fire]
 64208 | Zot:4    | Killed an orb of fire
 64507 | Zot:5    | Entered Level 5 of the Realm of Zot
 65029 | Zot:5    | Noticed a dread lich
 65063 | Zot:5    | Killed a dread lich
 65171 | Zot:5    | Noticed an orb of fire
 65173 | Zot:5    | Gained mutation: You possess an exceptional clarity of
                  | mind. [an orb of fire]
 65174 | Zot:5    | Noticed an orb of fire
 65177 | Zot:5    | Gained mutation: You are dopey. (Int -2) [an orb of fire]
 65186 | Zot:5    | Gained mutation: You occasionally lose the ability to drink
                  | potions when taking damage. [an orb of fire]
 65189 | Zot:5    | Killed an orb of fire
 65190 | Zot:5    | Reached skill level 15 in Dodging
 65202 | Zot:5    | Noticed an orb of fire
 65206 | Zot:5    | Lost mutation: You possess an exceptional clarity of mind.
                  | [an orb of fire]
 65215 | Zot:5    | Killed an orb of fire
 65217 | Zot:5    | Gained mutation: You are occasionally teleported next to
                  | monsters. [an orb of fire]
 65220 | Zot:5    | Killed an orb of fire
 65295 | Zot:5    | Lost mutation: Your magical capacity is low. (-10% MP)
                  | [potion of mutation]
 65295 | Zot:5    | Lost mutation: You are strong-willed. (Will+) [potion of
                  | mutation]
 65295 | Zot:5    | Lost mutation: You occasionally lose the ability to drink
                  | potions when taking damage. [potion of mutation]
 65295 | Zot:5    | Gained mutation: You are somewhat resistant to further
                  | mutation. [potion of mutation]
 65296 | Zot:5    | Lost mutation: You are dopey. (Int -2) [potion of mutation]
 65296 | Zot:5    | Lost mutation: You are somewhat resistant to further
                  | mutation. [potion of mutation]
 65296 | Zot:5    | Gained mutation: Your spells are a little harder to cast,
                  | but a little more powerful. [potion of mutation]
 65296 | Zot:5    | Gained mutation: You have sharp toenails. [potion of
                  | mutation]
 65297 | Zot:5    | Lost mutation: You have sharp toenails. [potion of
                  | mutation]
 65297 | Zot:5    | Lost mutation: You are occasionally teleported next to
                  | monsters. [potion of mutation]
 65297 | Zot:5    | Lost mutation: Your skin changes colour to match your
                  | surroundings (Stealth+). [potion of mutation]
 65297 | Zot:5    | Gained mutation: You are frail. (-10% HP) [potion of
                  | mutation]
 65297 | Zot:5    | Gained mutation: Your mind is acute. (Int +4, Str/Dex -1)
                  | [potion of mutation]
 65298 | Zot:5    | Lost mutation: Your spells are a little harder to cast, but
                  | a little more powerful. [potion of mutation]
 65298 | Zot:5    | Lost mutation: Your mind is acute. (Int +4, Str/Dex -1)
                  | [potion of mutation]
 65298 | Zot:5    | Lost mutation: You are frail. (-10% HP) [potion of
                  | mutation]
 65298 | Zot:5    | Gained mutation: You are partially covered in large bone
                  | plates. (SH +4) [potion of mutation]
 65298 | Zot:5    | Gained mutation: You are frail. (-10% HP) [potion of
                  | mutation]
 65298 | Zot:5    | Gained mutation: You occasionally lose the ability to read
                  | scrolls when taking damage. [potion of mutation]
 65298 | Zot:5    | Gained mutation: You passively map a small area around you.
                  | [potion of mutation]
 65299 | Zot:5    | Lost mutation: You passively map a small area around you.
                  | [potion of mutation]
 65299 | Zot:5    | Lost mutation: You are frail. (-10% HP) [potion of
                  | mutation]
 65299 | Zot:5    | Lost mutation: Your natural rate of healing is unusually
                  | fast. [potion of mutation]
 65299 | Zot:5    | Gained mutation: Your body sometimes deteriorates upon
                  | taking damage. [potion of mutation]
 65299 | Zot:5    | Gained mutation: Your flesh is cold resistant. (rC+)
                  | [potion of mutation]
 65300 | Zot:5    | Lost mutation: You are partially covered in large bone
                  | plates. (SH +4) [potion of mutation]
 65300 | Zot:5    | Lost mutation: Your body sometimes deteriorates upon taking
                  | damage. [potion of mutation]
 65362 | Zot:5    | Noticed an orb of fire
 65383 | Zot:5    | Killed an orb of fire
 65395 | Zot:5    | Noticed a dread lich
 65430 | Zot:5    | Killed a dread lich
 65739 | Zot:5    | Got the Orb of Zot
 66364 | D:4      | Received a gift from Okawaru
 66424 | D:$      | Escaped with the Orb!

Illustrated notes

Levels and vault maps discovered:
D:1:      psy_arrival_whirlpool, layout_rooms,
          hellmonk_ecumenical_altar_leap_of_faith
D:2:      layout_loops_corners, basic_altar, uniq_terence, uniq_sigmund
D:3:      layout_basic, serial_bayou_pond_a
D:4:      layout_gridville, minmay_temple_entry_offerings
D:5:      layout_rooms, serial_bayou_ford_a, minmay_misc_feat_columns,
          grunt_ministairs_6, minmay_lizard_king
D:6:      minmay_bubble_buster, layout_gridville, sigmund_army,
          uniq_blork_the_orc
D:7:      layout_basic, grunt_decor_one_mirror, kennysheep_generic_room_10,
          uniq_menkaure
D:8:      layout_loops_corners, bloody_makhleb, serial_aquarium,
          aquarium_bridge_square [aquarium_subvault_bridge,
          aquarium_subvault_bridge, aquarium_subvault_window,
          aquarium_subvault_bridge], aquarium_window_fake, aquarium_window_fake,
          aquarium_view_2g, aquarium_balcony_3b, aquarium_pool_corner,
          dreamdust_princess_corridor, hangedman_decor_slide_cut
D:9:      layout_rooms, led_sif_book, enter_bailey_3, uniq_maurice
D:10:     minmay_firetagon, layout_irregular_city, mainiacjoe_overflow_alcove_2,
          general_overflow_altar, serial_shops, shop, uniq_gastronok
D:11:     layout_loops_corners, hangedman_stone_soup,
          nemelex_diamond_rough_becter
D:12:     layout_rooms, david_orc_3, trove_entry_hex_spiral, uniq_rupert,
          uniq_kirke, uniq_azrael
D:13:     layout_long_grid, grunt_vaults_entry_tiered, serial_shops, shop,
          minmay_starry_boxes
D:14:     layout_basic, ebering_ghost_disaster_area, trog_hazing_becter,
          uniq_frances, uniq_nessos
D:15:     gammafunk_depths_entry_grave, layout_basic, minmay_misc_feat_rows,
          serial_shops, nicolae_shop_tiny_waterfront, uniq_jorgrun
Temple:   dpeg_five_rooms_temple
Lair:1:   gammafunk_worm_tunnel, layout_loops_ring, gauntlet_entry_generic,
          disabler_island, lemuel_fruit_tree
Lair:2:   layout_big_grid, alex1729_swamp_entry_worm_eleionoma,
          nicolae_spider_entry_tight_spaces, serial_bayou_shore_b
Lair:3:   layout_gridlike, st_stairs_5, serial_bayou_pond_c,
          grunt_forest_stairs_clearing
Lair:4:   layout_misc_corridors
Lair:5:   grunt_lair_end_beastmaster, layout_gridlike, slime_entry_2,
          kennysheep_abandoned_house, grunt_megastairs_1
Swamp:1:  layout_falls_marsh, serial_swamp_ruin, evilmike_swamp_ruin_house_3,
          evilmike_swamp_ruin_house_6, evilmike_swamp_ruin_rubble_1
Swamp:2:  layout_falls_marsh, infiniplex_staircase_pool_2
Swamp:3:  nicolae_swamp_decorative_isthmus, layout_falls_marsh,
          nicolae_swamp_feature_on_the_river_bank, roderic_carrion_pond,
          uniq_louise
Swamp:4:  swamp_alternative, layout_basic_swamp
Spider:1: layout_cave_pods
Spider:2: layout_chambers, uniq_arachne, uniq_nikola
Spider:3: layout_cave_pods, guppyfry_hornet_nest
Spider:4: spider_rune_water, special_room [special_room_bee], uniq_donald,
          uniq_mlioglotl
Orc:1:    layout_diamond_mine, portal_ice_cave_entry_ice_simulacra, uniq_urug
Orc:2:    pf_orc_diabolical, layout_caves
Vaults:1: nicolae_vaults_little_squares_1, st_greater_box_1,
          nicolae_vaults_sealed_display, nicolae_vaults_triangles,
          nicolae_vaults_wine_cellar, layout_vaults_omnibox, uniq_asterion
Vaults:2: gammafunk_ghost_split, ontoclasm_vaults_chip,
          nicolae_vaults_border_crossing, vaults_standard_mumra_lines,
          nicolae_vaults_tetromino_L_1, dpeg_vaults_hating_casters,
          vaults_room_stairs_pillars, nicolae_vaults_cochlea,
          nicolae_vaults_heart-shaped_vault, vaults_room_door_hall,
          layout_vaults_omnigrid, serial_shops, shop
Vaults:3: v_misc_25, minmay_crypt_entry_simple_sparse,
          nicolae_vaults_closet_pinwheel_2, nicolae_vaults_house_3, v_misc_28,
          vaults_room_hallway, ontoclasm_vaults_ring_square,
          nicolae_vaults_storage_closets_3, vaults_dpeg_encased_lava,
          nicolae_vaults_diamond_1, layout_vaults_chaotic_city
Vaults:4: hangedman_vaults_locks, hangedman_vaults_hat,
          nicolae_vaults_c_with_doors, v_pattern_5, grunt_vaults_diagonal,
          hangedman_vaults_capsules, nicolae_vaults_back_hallway,
          hangedman_vaults_variations, nicolae_vaults_sightless_eye,
          nicolae_vaults_trapezoid_layered, layout_vaults_ring, serial_shops,
          shop
Vaults:5
Crypt:1:  layout_rooms, st_stairs_1, uniq_margery
Crypt:2:  layout_gridlike, mu_enter_wizlab_1, grunt_megastairs_4
Crypt:3:  david_glass_crypt, layout_gridlike
Depths:1: layout_honeycomb, enter_ziggurat_a, ebering_ghost_disaster_area,
          rand_demon_pan_entry_8, grunt_hell_entry_dis_old,
          hangedman_glass_teeth, abyss_entry, hellmonk_scarab_ruin
Depths:2: hangedman_pleasuredromes, hell_entry, serial_shops, pan_entry
Depths:3: minmay_fractal_lines_corner, layout_basic,
          grunt_hell_entry_demonic_statue, abyss_entry
Depths:4: evilmike_zot_entry_diamond, layout_basic, abyss_entry, pf_coc_iceberg,
          uniq_mennas
Zot:1:    gammafunk_sealed_arena, layout_basic,
          amcnicky_altar_lugonu_corruption, uniq_grunn
Zot:2:    grunt_twist_and_shout, layout_concentric_octagons
Zot:3:    layout_basic
Zot:4:    layout_onion_interference, uniq_vv, uniq_josephina, uniq_parghit
Zot:5:    layout_concentric_octagons, st_stairs_11

Skill      XL: |  1  2  3  4  5  6  7  8  9 10 11 12 13 14 15 16 17 18 19 20 21 22 23 24 25 26 27 |
---------------+----------------------------------------------------------------------------------+-----
Axes           | 3 5 6 8 9 12 13 15 17 19 20 21 22 | 22.0
Fighting       | 4 5 6 7 8 9 11 12 13 14 15 17 18 19 20 21 23 25 27 | 27.0
Armour         | 4 5 6 7 8 10 11 12 13 14 16 17 18 19 20 21 22 | 22.0
Invocations    | 1 3 5 7 8 10 11 13 14 15 16 17 19 20 21 | 21.0
Evocations     | 2 4 6 8 10 | 10.0
Shields        | 4 6 8 9 11 12 14 15 16 17 19 21 22 | 22.0
Maces & Flails | 2 6 8 10 11 13 | 13.7
Dodging        | 4 11 17 | 17.3

Action                     |  1- 3 |  4- 6 |  7- 9 | 10-12 | 13-15 | 16-18 | 19-21 | 22-24 | 25-27 || total
---------------------------+-------+-------+-------+-------+-------+-------+-------+-------+-------++-------
  Melee: War axe           |    92 |   129 |   294 |   404 |       |       |       |       |       ||   919
         Demon whip        |       |       |       |    80 |  1130 |  1666 |  1648 |   495 |       ||  5019
         Trident           |       |       |       |       |    48 |       |       |       |       ||    48
         Broad axe         |       |       |       |       |       |    57 |   339 |  1052 |  1996 ||  3444
  Throw: Boomerang         |       |     1 |       |       |       |       |     1 |       |       ||     2
 Invoke: Heroism           |       |       |     1 |    11 |    15 |    13 |    23 |    21 |    23 ||   107
         Finesse           |       |       |       |     1 |     2 |     3 |     3 |     2 |     7 ||    18
         Duel              |       |       |       |       |       |       |     1 |       |       ||     1
  Evoke: Wand              |       |       |       |       |     1 |     4 |     2 |     5 |     7 ||    19
    Use: Potion            |     1 |       |     1 |     2 |     5 |     4 |     3 |     2 |    15 ||    33
         Scroll            |       |    11 |     7 |     8 |     8 |     5 |    10 |     4 |     9 ||    62
   Stab: Distracted        |       |       |     1 |     7 |       |       |     1 |     1 |     1 ||    11
 Armour: Scale mail        |    54 |       |       |       |       |       |       |       |       ||    54
         Chain mail        |     4 |    60 |   104 |       |       |       |       |       |       ||   168
         Plate armour      |       |       |    45 |   106 |       |       |       |       |       ||   151
         Crystal plate arm |       |       |       |   156 |   473 |   594 |   725 |   616 |   736 ||  3300
         Ice dragon scales |       |       |       |       |       |    37 |       |       |       ||    37
         Storm dragon scal |       |       |       |       |       |       |    33 |   256 |       ||   289
  Dodge: Dodged            |    68 |    36 |    92 |    89 |   263 |   404 |   499 |   323 |   300 ||  2074
  Block: Buckler           |    28 |    35 |    73 |   115 |    55 |       |       |       |       ||   306
         Kite shield       |       |       |       |       |   361 |   995 |  1778 |  1519 |  1177 ||  5830
         Reflection        |       |       |       |       |       |     9 |    70 |    30 |    12 ||   121

Table legend: (Time is in decaauts)
 A = Elapsed time spent in this place.
 B = Non-inter-level travel time spent in this place.
 C = Inter-level travel time spent in this place.
 D = Time resting spent in this place.
 E = Time spent auto-exploring this place.
 F = Levels seen in this place.
 G = Mean time per level.
                   A        B        C        D        E       F      G
               +--------+--------+--------+--------+--------+-----+--------+
         Total |  63152 |  59857 |   3295 |   9454 |  30685 |  55 | 1148.2 |
       Dungeon |  15813 |  14553 |   1260 |    863 |   9287 |  15 | 1054.2 |
        Temple |    208 |    106 |    102 |    100 |      0 |   1 |  208.0 |
          Lair |   5823 |   5421 |    402 |    437 |   3233 |   5 | 1164.6 |
         Swamp |   3083 |   3017 |     66 |    238 |   1676 |   4 |  770.8 |
   Spider Nest |   5468 |   5170 |    298 |    891 |   2648 |   4 | 1367.0 |
  Orcish Mines |   2224 |   2085 |    139 |    288 |    955 |   2 | 1112.0 |
        Vaults |  10519 |  10290 |    229 |   2777 |   4448 |   5 | 2103.8 |
         Crypt |   3511 |   3409 |    102 |    504 |   1353 |   3 | 1170.3 |
        Depths |   7171 |   6709 |    462 |   1201 |   3883 |   4 | 1792.8 |
           Zot |   6023 |   5791 |    232 |    819 |   3008 |   5 | 1204.6 |
         Abyss |     38 |     38 |      0 |      0 |      0 |   1 |   38.0 |
         Trove |     64 |     64 |      0 |      0 |      0 |   1 |   64.0 |
        Bailey |    646 |    646 |      0 |    201 |     28 |   1 |  646.0 |
      Ice Cave |    507 |    507 |      0 |      1 |    122 |   1 |  507.0 |
        Wizlab |   1350 |   1350 |      0 |    801 |     40 |   1 | 1350.0 |
      Gauntlet |    676 |    676 |      0 |    325 |      0 |   1 |  676.0 |
         Arena |     18 |     18 |      0 |      6 |      0 |   1 |   18.0 |
               +--------+--------+--------+--------+--------+-----+--------+

Top non-repeatable levels by time:
Depths:1: 2341 daAuts
Vaults:5: 2268 daAuts
Vaults:2: 2151 daAuts
Vaults:4: 2133 daAuts
Vaults:3: 2128 daAuts
Depths:2: 1861 daAuts
Vaults:1: 1837 daAuts
    D:13: 1720 daAuts
    D:15: 1709 daAuts
Depths:3: 1703 daAuts
Spider:2: 1671 daAuts
   Zot:1: 1600 daAuts
 Crypt:3: 1494 daAuts
  Lair:2: 1445 daAuts
  Lair:5: 1429 daAuts
